Minnesota North Stars vs Montreal Canadiens
Created - Sunday, February 1, 2026 at 07:10
Goals
|
| Minnesota North Stars |
0 |
2 |
2 |
4 |
| Montreal Canadiens |
3 |
0 |
3 |
6 |
|
Shots
|
| Minnesota North Stars |
14 |
15 |
13 |
42 |
| Montreal Canadiens |
21 |
5 |
19 |
45 |
|
1st period
1. Montreal Canadiens , Brad Marchand 7 (Matt Duchene 4) at 4:20
2. Montreal Canadiens , Macklin Celebrini 6 (Martin Necas 4, Brady Skjei 3) at 5:09
3. Montreal Canadiens , Matt Duchene 4 (Adam Fox 1, Brad Marchand 7) at 17:14
Penalties :
Macklin Celebrini (MTL) for Hooking (Minor) at 2:02, Frank Vatrano (MNS) for Holding (Minor) at 18:42
2nd period
4. Minnesota North Stars , Ryan Nugent-Hopkins 7 (Brock Nelson 8, Jack Hughes 8) at 2:12
5. Minnesota North Stars , William Karlsson 3 (Valeri Nichushkin 5) at 11:02 (PP)
Penalties :
Teddy Blueger (MTL) for High sticking (Double Minor) at 7:59, Macklin Celebrini (MTL) for Holding (Minor) at 18:11
3rd period
6. Montreal Canadiens , Adam Fox 1 (Macklin Celebrini 6, Brad Marchand 8) at 7:40 (PP)
7. Montreal Canadiens , Martin Necas 4 (Macklin Celebrini 7) at 8:26
8. Montreal Canadiens , Patrik Laine 3 (Brady Skjei 4) at 9:12
9. Minnesota North Stars , Jack Hughes 6 (Ryan Nugent-Hopkins 7, Brock Nelson 9) at 17:48
10. Minnesota North Stars , Ivan Barbashev 3 (Jonathan Marchessault 4, Lawson Crouse 2) at 18:45
Penalties :
Jonathan Marchessault (MNS) for Holding (Minor) at 7:23, Frank Vatrano (MNS) for Holding (Minor) at 9:17, Damon Severson (MTL) for Hooking (Minor) at 14:27, Ryan Nugent-Hopkins (MNS) for Roughing (Minor) at 19:30
Goalie Stats
Logan Thompson (MNS), 39 saves from 45 shots - (0.867), L, 4-4-1, 60:00 minutes
Lukas Dostal (MTL), 38 saves from 42 shots - (0.905), W, 1-0-0, 60:00 minutes
Players Stats for Minnesota North Stars
Player Name G A P +/- PIM S H SB GA TA FO MP PP MP PK MP
------------------------------------------------------------------------------------
Brock Nelson 0 2 2 0 0 2 2 3 0 0 0/1 19:24 4:25 0:00
Erik Cernak 0 0 0 -2 0 1 0 2 0 1 0/0 17:40 1:20 0:17
Frank Vatrano 0 0 0 -1 4 5 3 3 0 0 1/3 18:03 4:31 0:01
Gustav Forsling 0 0 0 1 0 2 2 1 0 1 0/0 20:39 4:39 2:25
Ivan Barbashev 1 0 1 0 0 1 0 0 0 0 1/3 11:04 0:00 0:00
Jack Hughes 1 1 2 0 0 4 4 0 1 0 5/13 19:24 4:25 0:00
Jonathan Marchessault 0 1 1 0 2 2 1 0 2 0 0/0 11:51 0:04 0:21
Lawson Crouse 0 1 1 -1 0 0 0 0 0 0 0/1 7:30 0:00 0:50
Matt Roy 0 0 0 0 0 4 0 0 0 1 0/0 26:52 4:21 2:19
Mattias Janmark 0 0 0 -1 0 3 0 1 0 0 3/6 10:55 0:04 3:15
Michael Rasmussen 0 0 0 -1 0 0 1 0 0 0 1/2 9:19 0:00 2:39
Neal Pionk 0 0 0 0 0 1 3 2 0 1 0/0 13:35 2:43 1:15
Niko Mikkola 0 0 0 -2 0 0 1 0 0 2 0/0 15:06 0:00 0:54
Rasmus Dahlin 0 0 0 -1 0 1 2 3 0 0 0/0 26:08 4:57 2:18
Ryan Nugent-Hopkins 1 1 2 0 2 6 2 0 0 0 1/1 19:23 4:25 0:00
Valeri Nichushkin 0 1 1 -1 0 4 1 0 1 0 0/0 16:58 4:31 0:08
William Eklund 0 0 0 -1 0 4 0 0 0 0 4/22 16:45 4:31 0:00
William Karlsson 1 0 1 0 0 2 0 0 2 1 6/11 14:36 0:04 2:14
Players Stats for Montreal Canadiens
Player Name G A P +/- PIM S H SB GA TA FO MP PP MP PK MP
------------------------------------------------------------------------------------
Adam Fox 1 1 2 -1 0 2 0 0 0 0 0/0 15:32 2:24 0:45
Arttu Hyry 0 0 0 0 0 0 1 1 0 0 0/0 6:40 0:00 0:00
Brad Marchand 1 2 3 1 0 7 1 0 1 1 2/2 19:23 2:16 4:24
Brady Skjei 0 2 2 0 0 0 1 0 0 2 0/0 24:00 0:00 4:26
Damon Severson 0 0 0 0 2 4 2 3 0 0 0/0 21:23 2:20 3:35
Drew O'Connor 0 0 0 0 0 1 0 0 0 0 0/0 16:17 0:00 4:14
Evgeni Dadonov 0 0 0 -1 0 1 1 0 1 0 0/0 8:51 0:00 0:49
Josh Manson 0 0 0 3 0 2 3 0 0 0 0/0 17:34 0:00 3:53
Juraj Slafkovsky 0 0 0 0 0 3 1 0 1 0 1/2 15:57 2:28 0:00
Justin Hryckowian 0 0 0 0 0 0 0 0 0 0 2/3 6:40 0:00 0:00
Lane Hutson 0 0 0 3 0 2 0 0 0 1 0/0 17:23 2:24 0:35
Macklin Celebrini 1 2 3 1 4 10 0 0 0 0 9/14 18:58 2:16 1:31
Martin Necas 1 1 2 2 0 3 3 0 3 0 2/4 16:20 2:28 0:07
Matt Duchene 1 1 2 1 0 5 1 0 0 0 14/19 14:30 2:16 0:00
Owen Power 0 0 0 -1 0 1 0 2 0 0 0/0 24:16 2:20 4:46
Patrik Laine 1 0 1 0 0 3 0 0 1 0 0/0 14:20 2:28 0:00
Ryan Poehling 0 0 0 2 0 0 0 0 0 2 6/9 17:59 0:00 4:04
Teddy Blueger 0 0 0 0 4 1 3 1 0 0 5/10 14:53 0:00 2:51
3 Stars
1 - Martin Necas (MTL)
2 - Brad Marchand (MTL)
3 - Matt Duchene (MTL)
Power Play
Minnesota North Stars - 1 on 5 Attempt(s) - 20.00%
Montreal Canadiens - 1 on 4 Attempt(s) - 25.00%
Penalty Kill
Minnesota North Stars - 3 on 4 Attempt(s) - 75.00%
- Score 0 goal in Penalty Kill
Montreal Canadiens - 4 on 5 Attempt(s) - 80.00%
- Score 0 goal in Penalty Kill
Team Stat
Minnesota North Stars - Hits : 22 - Faceoff Wins : 22 - Blocked Shots : 15 - Penalty Minutes : 8
Montreal Canadiens - Hits : 17 - Faceoff Wins : 41 - Blocked Shots : 7 - Penalty Minutes : 10
Official
Referees : Michael Markovic and Conor O'Donnell
Linesman : James Tobias and Matt MacPherson
Game Notes
Neal Pionk is injured at 17:49 of 2nd period (Strained Left Elbow)
Finance
Level 1 -- Attendance: 5142 (85.70%) -- Ticket Income $478,206
Level 2 -- Attendance: 5000 (100.00%) -- Ticket Income $265,000
Level 3 -- Attendance: 3000 (100.00%) -- Ticket Income $96,000
Level 4 -- Attendance: 4943 (98.86%) -- Ticket Income $108,746
Luxury Box -- Attendance: 832 (83.20%) -- Ticket Income $162,240
Game was played at the Bell Centre.
Total Attendance: 18917 (94.59%)
Total Ticket Income: $1,110,192
Other Income: $388,567
Total Income: $1,498,759
Minnesota North Stars
5 vs 5 Forward
Center Left Wing Right Wing Time % Phy DF OF
1 Jack Hughes Brock Nelson Ryan Nugent-Hopkins 30 1 2 2
2 William Eklund Valeri Nichushkin Frank Vatrano 30 1 2 2
3 William Karlsson Ivan Barbashev Jonathan Marchessault 25 1 2 2
4 Michael Rasmussen Lawson Crouse Mattias Janmark 15 1 2 2
5 vs 5 Defense
Defense Defense Time % Phy DF OF
1 Matt Roy Rasmus Dahlin 30 1 2 2
2 Gustav Forsling Neal Pionk 30 1 2 2
3 Erik Cernak Niko Mikkola 25 1 2 2
4 Matt Roy Rasmus Dahlin 15 1 2 2
PowerPlay Forward
Center Left Wing Right Wing Time % Phy DF OF
1 Jack Hughes Brock Nelson Ryan Nugent-Hopkins 50 1 2 2
2 William Eklund Valeri Nichushkin Frank Vatrano 50 1 2 2
PowerPlay Defense
Defense Defense Time % Phy DF OF
1 Matt Roy Rasmus Dahlin 50 1 2 2
2 Gustav Forsling Neal Pionk 50 1 2 2
Penalty Kill 4 Players Forward
Center Wing Time % Phy DF OF
1 Mattias Janmark Michael Rasmussen 50 1 4 0
2 William Karlsson Frank Vatrano 50 1 4 0
Penalty Kill 4 Players Defense
Defense Defense Time % Phy DF OF
1 Matt Roy Rasmus Dahlin 50 1 4 0
2 Gustav Forsling Neal Pionk 50 1 4 0
Penalty Kill - 3 Players Forward
Forward Time % Phy DF OF
1 Ryan Nugent-Hopkins 50 1 4 0
2 Mattias Janmark 50 1 4 0
Penalty Kill - 3 Players Defense
Defense Defense Time % Phy DF OF
1 Matt Roy Rasmus Dahlin 50 1 4 0
2 Gustav Forsling Neal Pionk 50 1 4 0
4 vs 4 Forward
Center Wing Time % Phy DF OF
1 Jack Hughes Brock Nelson 50 1 2 2
2 Ryan Nugent-Hopkins Valeri Nichushkin 50 1 2 2
4 vs 4 Defense
Defense Defense Time % Phy DF OF
1 Matt Roy Rasmus Dahlin 50 1 2 2
2 Gustav Forsling Neal Pionk 50 1 2 2
Last Minutes Offensive
Center Left Wing Right Wing Defense Defense
Jack Hughes Brock Nelson Ryan Nugent-Hopkins Matt Roy Rasmus Dahlin
Last Minutes Defensive
Center Left Wing Right Wing Defense Defense
Jack Hughes Brock Nelson Ryan Nugent-Hopkins Matt Roy Rasmus Dahlin
Goaltenders
Starting : Logan Thompson
Backup : Brandon Bussi
Extra Forwards
Normal : William Karlsson, Jonathan Marchessault, Michael Rasmussen - PP : William Karlsson, Jonathan Marchessault - PK : William Karlsson
Extra Defensemen
Normal : Erik Cernak, Niko Mikkola, Gustav Forsling - PP : Erik Cernak - PK : Niko Mikkola, Gustav Forsling
Penalty Shots
Jack Hughes, Brock Nelson, Ryan Nugent-Hopkins, Valeri Nichushkin, Frank Vatrano
Scratches
Kent Johnson (Healthy), Dylan DeMelo (Healthy), Charlie Lindgren (Healthy)
Montreal Canadiens
5 vs 5 Forward
Center Left Wing Right Wing Time % Phy DF OF
1 Macklin Celebrini Ryan Poehling Martin Necas 30 0 1 4
2 Matt Duchene Brad Marchand Juraj Slafkovsky 30 0 1 4
3 Teddy Blueger Drew O'Connor Patrik Laine 25 1 2 2
4 Justin Hryckowian Evgeni Dadonov Arttu Hyry 15 1 2 2
5 vs 5 Defense
Defense Defense Time % Phy DF OF
1 Josh Manson Lane Hutson 30 1 2 2
2 Brady Skjei Damon Severson 30 1 2 2
3 Adam Fox Owen Power 25 1 3 1
4 Brady Skjei Owen Power 15 1 3 1
PowerPlay Forward
Center Left Wing Right Wing Time % Phy DF OF
1 Macklin Celebrini Matt Duchene Brad Marchand 50 0 0 5
2 Martin Necas Juraj Slafkovsky Patrik Laine 50 0 0 5
PowerPlay Defense
Defense Defense Time % Phy DF OF
1 Adam Fox Lane Hutson 50 0 0 5
2 Owen Power Damon Severson 50 0 0 5
Penalty Kill 4 Players Forward
Center Wing Time % Phy DF OF
1 Ryan Poehling Brad Marchand 50 0 5 0
2 Teddy Blueger Drew O'Connor 50 0 5 0
Penalty Kill 4 Players Defense
Defense Defense Time % Phy DF OF
1 Josh Manson Brady Skjei 50 0 5 0
2 Owen Power Damon Severson 50 0 5 0
Penalty Kill - 3 Players Forward
Forward Time % Phy DF OF
1 Teddy Blueger 50 0 5 0
2 Ryan Poehling 50 0 5 0
Penalty Kill - 3 Players Defense
Defense Defense Time % Phy DF OF
1 Josh Manson Brady Skjei 50 0 5 0
2 Owen Power Damon Severson 50 0 5 0
4 vs 4 Forward
Center Wing Time % Phy DF OF
1 Macklin Celebrini Martin Necas 50 1 2 2
2 Matt Duchene Brad Marchand 50 1 2 2
4 vs 4 Defense
Defense Defense Time % Phy DF OF
1 Lane Hutson Adam Fox 50 1 2 2
2 Brady Skjei Damon Severson 50 1 2 2
Last Minutes Offensive
Center Left Wing Right Wing Defense Defense
Macklin Celebrini Matt Duchene Brad Marchand Lane Hutson Adam Fox
Last Minutes Defensive
Center Left Wing Right Wing Defense Defense
Teddy Blueger Ryan Poehling Drew O'Connor Brady Skjei Owen Power
Goaltenders
Starting : Lukas Dostal
Backup : Stuart Skinner
Extra Forwards
Normal : Macklin Celebrini, Brad Marchand, Ryan Poehling - PP : Macklin Celebrini, Brad Marchand - PK : Macklin Celebrini
Extra Defensemen
Normal : Brady Skjei, Owen Power, Damon Severson - PP : Lane Hutson - PK : Brady Skjei, Owen Power
Penalty Shots
Patrik Laine, Teddy Blueger, Ryan Poehling, Macklin Celebrini, Arttu Hyry
Scratches
Pyotr Kochetkov (Healthy)
% Time on Ice - Minnesota North Stars
Lines # - Real PCT - Wanted PCT - Time Play
Normal Forward
1 - 32% - 30% - 14:59
2 - 29% - 30% - 13:33
3 - 24% - 25% - 11:04
4 - 14% - 15% - 6:40
Normal Defense
1 - 28% - 30% - 13:03
2 - 36% - 30% - 16:40
3 - 26% - 25% - 11:48
4 - 10% - 15% - 4:45
PP Forward
1 - 50% - 50% - 4:29
2 - 50% - 50% - 4:31
PP Defense
1 - 47% - 50% - 4:14
2 - 53% - 50% - 4:46
PK Forward
1 - 31% - 50% - 1:27
2 - 69% - 50% - 3:17
PK Defense
1 - 43% - 50% - 2:02
2 - 57% - 50% - 2:42
PK3 Forward
1 - 0% - 50%
2 - 0% - 50%
PK3 Defense
1 - 0% - 50%
2 - 0% - 50%
44 Forward
1 - 0% - 50%
2 - 0% - 50%
44 Defense
1 - 0% - 50%
2 - 0% - 50%
Last Minute Offensive - 0:00
Last Minute Defensive - 0:00
Total
Forward - 60:00
Defense - 60:00
|
% Time on Ice - Montreal Canadiens
Lines # - Real PCT - Wanted PCT - Time Play
Normal Forward
1 - 33% - 30% - 15:17
2 - 27% - 30% - 12:29
3 - 26% - 25% - 11:50
4 - 14% - 15% - 6:40
Normal Defense
1 - 31% - 30% - 14:24
2 - 31% - 30% - 14:24
3 - 25% - 25% - 11:37
4 - 13% - 15% - 5:51
PP Forward
1 - 48% - 50% - 2:16
2 - 52% - 50% - 2:28
PP Defense
1 - 51% - 50% - 2:24
2 - 49% - 50% - 2:20
PK Forward
1 - 47% - 50% - 4:12
2 - 53% - 50% - 4:48
PK Defense
1 - 43% - 50% - 3:53
2 - 57% - 50% - 5:07
PK3 Forward
1 - 0% - 50%
2 - 0% - 50%
PK3 Defense
1 - 0% - 50%
2 - 0% - 50%
44 Forward
1 - 0% - 50%
2 - 0% - 50%
44 Defense
1 - 0% - 50%
2 - 0% - 50%
Last Minute Offensive - 0:00
Last Minute Defensive - 0:00
Total
Forward - 60:00
Defense - 60:00
|
Play-by-Play
1st period
0:01 of 1st period - Jack Hughes wins face-off versus Macklin Celebrini in neutral zone.
0:54 of 1st period - Snap shot by Teddy Blueger.
0:54 of 1st period - Stopped by Logan Thompson with a rebound.
1:07 of 1st period - Off-side.
1:08 of 1st period - Michael Rasmussen wins face-off versus Justin Hryckowian in neutral zone.
1:25 of 1st period - Erik Cernak is hit by Arttu Hyry and loses puck.
1:32 of 1st period - Evgeni Dadonov is hit by Michael Rasmussen and loses puck.
1:43 of 1st period - Wrist shot by Arttu Hyry.
1:43 of 1st period - Shot Blocked by Rasmus Dahlin.
1:45 of 1st period - Snap shot by Justin Hryckowian.
1:45 of 1st period - Shot Misses the Net.
1:47 of 1st period - Backhand shot by Damon Severson.
1:47 of 1st period - Stopped by Logan Thompson with a rebound.
1:49 of 1st period - Slapshot by Brady Skjei.
1:49 of 1st period - Shot Misses the Net.
1:51 of 1st period - Slapshot by Damon Severson.
1:51 of 1st period - Deflect By Rasmus Dahlin.
1:51 of 1st period - Stopped by Logan Thompson without a rebound.
1:52 of 1st period - Jack Hughes wins face-off versus Martin Necas in Minnesota North Stars zone.
2:02 of 1st period - Minor Penalty to Macklin Celebrini for Hooking.
2:03 of 1st period - Ryan Poehling wins face-off versus Jack Hughes in Montreal Canadiens zone.
2:03 of 1st period - Ryan Poehling is hit by Jack Hughes.
3:40 of 1st period - Icing by Frank Vatrano.
3:41 of 1st period - William Eklund wins face-off versus Ryan Poehling in Minnesota North Stars zone.
4:02 of 1st period - Penalty to Macklin Celebrini is over, Macklin Celebrini is back on ice.
4:10 of 1st period - Slapshot by Drew O'Connor.
4:10 of 1st period - Shot Misses the Net.
4:12 of 1st period - Snap shot by Macklin Celebrini.
4:12 of 1st period - Shot Misses the Net.
4:14 of 1st period - Slapshot by Owen Power.
4:14 of 1st period - Stopped by Logan Thompson without a rebound.
4:15 of 1st period - Matt Duchene wins face-off versus William Karlsson in Minnesota North Stars zone.
4:18 of 1st period - Snap shot by Matt Duchene.
4:18 of 1st period - Shot Misses the Net.
4:20 of 1st period - Snap shot by Brad Marchand.
4:20 of 1st period - Goal by Brad Marchand - Minnesota North Stars : 0 - Montreal Canadiens : 1.
4:21 of 1st period - Macklin Celebrini wins face-off versus William Eklund in neutral zone.
4:30 of 1st period - Wrist shot by Martin Necas.
4:30 of 1st period - Shot Misses the Net.
5:09 of 1st period - Snap shot by Macklin Celebrini.
5:09 of 1st period - Goal by Macklin Celebrini - Minnesota North Stars : 0 - Montreal Canadiens : 2.
5:10 of 1st period - Teddy Blueger wins face-off versus Jack Hughes in neutral zone.
5:19 of 1st period - Wrist shot by Jack Hughes.
5:19 of 1st period - Stopped by Lukas Dostal with a rebound.
5:36 of 1st period - Erik Cernak is hit by Matt Duchene and loses puck.
6:21 of 1st period - Wrist shot by Macklin Celebrini.
6:21 of 1st period - Shot Misses the Net.
6:57 of 1st period - Brad Marchand is hit by Rasmus Dahlin and loses puck.
7:41 of 1st period - Backhand shot by William Eklund.
7:41 of 1st period - Shot Misses the Net.
7:43 of 1st period - Snap shot by Frank Vatrano.
7:43 of 1st period - Stopped by Lukas Dostal with a rebound.
7:45 of 1st period - Slapshot by Rasmus Dahlin.
7:45 of 1st period - Stopped by Lukas Dostal without a rebound.
7:46 of 1st period - Matt Duchene wins face-off versus William Eklund in Montreal Canadiens zone.
7:53 of 1st period - Snap shot by Juraj Slafkovsky.
7:53 of 1st period - Shot Misses the Net.
7:55 of 1st period - Snap shot by Brad Marchand.
7:55 of 1st period - Stopped by Logan Thompson with a rebound.
7:57 of 1st period - Slapshot by Josh Manson.
7:57 of 1st period - Stopped by Logan Thompson with a rebound.
7:59 of 1st period - Slapshot by Lane Hutson.
7:59 of 1st period - Deflect By Brad Marchand.
7:59 of 1st period - Stopped by Logan Thompson with a rebound.
8:01 of 1st period - Wrist shot by Brad Marchand.
8:01 of 1st period - Stopped by Logan Thompson with a rebound.
8:13 of 1st period - Frank Vatrano is hit by Martin Necas and loses puck.
8:45 of 1st period - Wrist shot by William Karlsson.
8:45 of 1st period - Stopped by Lukas Dostal without a rebound.
8:46 of 1st period - Jack Hughes wins face-off versus Matt Duchene in Montreal Canadiens zone.
8:47 of 1st period - Wrist shot by Ryan Nugent-Hopkins.
8:47 of 1st period - Stopped by Lukas Dostal without a rebound.
8:48 of 1st period - Matt Duchene wins face-off versus Jack Hughes in Montreal Canadiens zone.
9:19 of 1st period - Snap shot by Patrik Laine.
9:19 of 1st period - Stopped by Logan Thompson with a rebound.
9:41 of 1st period - Wrist shot by William Eklund.
9:41 of 1st period - Shot Misses the Net.
10:02 of 1st period - Snap shot by Michael Rasmussen.
10:02 of 1st period - Shot Hit the Post.
10:04 of 1st period - Slapshot by Rasmus Dahlin.
10:04 of 1st period - Shot Misses the Net.
10:06 of 1st period - Snap shot by Mattias Janmark.
10:06 of 1st period - Shot Misses the Net.
10:28 of 1st period - Snap shot by Jack Hughes.
10:28 of 1st period - Stopped by Lukas Dostal with a rebound.
10:44 of 1st period - Wrist shot by Patrik Laine.
10:44 of 1st period - Shot Blocked by Neal Pionk.
10:58 of 1st period - Snap shot by Martin Necas.
10:58 of 1st period - Stopped by Logan Thompson with a rebound.
12:24 of 1st period - Wrist shot by Lane Hutson.
12:24 of 1st period - Stopped by Logan Thompson with a rebound.
12:32 of 1st period - Snap shot by Jonathan Marchessault.
12:32 of 1st period - Stopped by Lukas Dostal with a rebound.
12:34 of 1st period - Slapshot by Neal Pionk.
12:34 of 1st period - Stopped by Lukas Dostal without a rebound.
12:35 of 1st period - Matt Duchene wins face-off versus William Eklund in Montreal Canadiens zone.
12:35 of 1st period - Brad Marchand is hit by Frank Vatrano and loses puck.
12:42 of 1st period - Snap shot by William Eklund.
12:42 of 1st period - Stopped by Lukas Dostal with a rebound.
12:44 of 1st period - Slapshot by Matt Roy.
12:44 of 1st period - Stopped by Lukas Dostal with a rebound.
12:46 of 1st period - Slapshot by Matt Roy.
12:46 of 1st period - Stopped by Lukas Dostal with a rebound.
12:50 of 1st period - Snap shot by William Eklund.
12:50 of 1st period - Stopped by Lukas Dostal without a rebound.
12:51 of 1st period - Jack Hughes wins face-off versus Teddy Blueger in Montreal Canadiens zone.
13:41 of 1st period - Brad Marchand is hit by Neal Pionk and loses puck.
13:48 of 1st period - William Karlsson is hit by Juraj Slafkovsky and loses puck.
14:01 of 1st period - Wrist shot by Evgeni Dadonov.
14:01 of 1st period - Stopped by Logan Thompson with a rebound.
14:44 of 1st period - Teddy Blueger is hit by Jack Hughes and loses puck.
14:49 of 1st period - Wrist shot by Ryan Nugent-Hopkins.
14:49 of 1st period - Shot Misses the Net.
15:05 of 1st period - Wrist shot by Ryan Nugent-Hopkins.
15:05 of 1st period - Shot Misses the Net.
15:07 of 1st period - Snap shot by Ryan Nugent-Hopkins.
15:07 of 1st period - Shot Misses the Net.
15:09 of 1st period - Slapshot by Erik Cernak.
15:09 of 1st period - Stopped by Lukas Dostal with a rebound.
15:21 of 1st period - Damon Severson is hit by Brock Nelson and loses puck.
15:43 of 1st period - Patrik Laine is hit by Brock Nelson and loses puck.
16:04 of 1st period - Icing by Erik Cernak.
16:05 of 1st period - Jack Hughes wins face-off versus Macklin Celebrini in Minnesota North Stars zone.
16:45 of 1st period - Slapshot by Macklin Celebrini.
16:45 of 1st period - Shot Blocked by Brock Nelson.
17:01 of 1st period - Snap shot by Jack Hughes.
17:01 of 1st period - Stopped by Lukas Dostal without a rebound.
17:02 of 1st period - Matt Duchene wins face-off versus William Eklund in Montreal Canadiens zone.
17:02 of 1st period - Matt Duchene is hit by Rasmus Dahlin.
17:08 of 1st period - Snap shot by Juraj Slafkovsky.
17:08 of 1st period - Shot Misses the Net.
17:10 of 1st period - Snap shot by Brad Marchand.
17:10 of 1st period - Shot Misses the Net.
17:14 of 1st period - Snap shot by Matt Duchene.
17:14 of 1st period - Goal by Matt Duchene - Minnesota North Stars : 0 - Montreal Canadiens : 3.
17:15 of 1st period - Matt Duchene wins face-off versus William Eklund in neutral zone.
17:22 of 1st period - Snap shot by Juraj Slafkovsky.
17:22 of 1st period - Shot Misses the Net.
17:24 of 1st period - Slapshot by Josh Manson.
17:24 of 1st period - Stopped by Logan Thompson without a rebound.
17:25 of 1st period - Brad Marchand wins face-off versus William Eklund in Minnesota North Stars zone.
17:36 of 1st period - Wrist shot by Matt Duchene.
17:36 of 1st period - Stopped by Logan Thompson without a rebound.
17:37 of 1st period - Brad Marchand wins face-off versus William Eklund in Minnesota North Stars zone.
17:54 of 1st period - Wrist shot by Brad Marchand.
17:54 of 1st period - Stopped by Logan Thompson with a rebound.
18:04 of 1st period - Owen Power is hit by Jonathan Marchessault and loses puck.
18:13 of 1st period - Wrist shot by Macklin Celebrini.
18:13 of 1st period - Stopped by Logan Thompson with a rebound.
18:31 of 1st period - Snap shot by Lane Hutson.
18:31 of 1st period - Stopped by Logan Thompson without a rebound.
18:32 of 1st period - Frank Vatrano wins face-off versus Matt Duchene in Minnesota North Stars zone.
18:37 of 1st period - Wrist shot by Juraj Slafkovsky.
18:37 of 1st period - Stopped by Logan Thompson with a rebound.
18:42 of 1st period - Minor Penalty to Frank Vatrano for Holding.
18:43 of 1st period - Mattias Janmark wins face-off versus Macklin Celebrini in Minnesota North Stars zone.
19:59 of 1st period - Icing by Martin Necas.
Goals for this period are 0 for Minnesota North Stars vs 3 for Montreal Canadiens.
Shots for this period are 14 for Minnesota North Stars vs 21 for Montreal Canadiens.
2nd period
0:01 of 2nd period - Martin Necas wins face-off versus Michael Rasmussen in neutral zone.
0:10 of 2nd period - Snap shot by Patrik Laine.
0:10 of 2nd period - Shot Misses the Net.
0:42 of 2nd period - Penalty to Frank Vatrano is over, Frank Vatrano is back on ice.
1:41 of 2nd period - Backhand shot by Frank Vatrano.
1:41 of 2nd period - Shot Blocked by Damon Severson.
1:43 of 2nd period - Wrist shot by Frank Vatrano.
1:43 of 2nd period - Shot Blocked by Teddy Blueger.
1:45 of 2nd period - Wrist shot by Frank Vatrano.
1:45 of 2nd period - Shot Misses the Net.
1:49 of 2nd period - Wrist shot by William Karlsson.
1:49 of 2nd period - Shot Misses the Net.
1:51 of 2nd period - Snap shot by Frank Vatrano.
1:51 of 2nd period - Shot Misses the Net.
1:53 of 2nd period - Slapshot by Mattias Janmark.
1:53 of 2nd period - Stopped by Lukas Dostal with a rebound.
1:55 of 2nd period - Slapshot by Rasmus Dahlin.
1:55 of 2nd period - Deflect By William Karlsson.
1:55 of 2nd period - Shot Misses the Net.
1:55 of 2nd period - Puck is out of play.
1:56 of 2nd period - Matt Duchene wins face-off versus Jack Hughes in Montreal Canadiens zone.
2:10 of 2nd period - Wrist shot by Brock Nelson.
2:10 of 2nd period - Shot Misses the Net.
2:12 of 2nd period - Wrist shot by Ryan Nugent-Hopkins.
2:12 of 2nd period - Goal by Ryan Nugent-Hopkins - Minnesota North Stars : 1 - Montreal Canadiens : 3.
2:13 of 2nd period - Macklin Celebrini wins face-off versus Jack Hughes in neutral zone.
2:30 of 2nd period - Snap shot by Ryan Nugent-Hopkins.
2:30 of 2nd period - Stopped by Lukas Dostal with a rebound.
3:50 of 2nd period - Brock Nelson is hit by Martin Necas and loses puck.
3:57 of 2nd period - Slapshot by Macklin Celebrini.
3:57 of 2nd period - Stopped by Logan Thompson without a rebound.
3:58 of 2nd period - Justin Hryckowian wins face-off versus William Eklund in Minnesota North Stars zone.
4:03 of 2nd period - Snap shot by Evgeni Dadonov.
4:03 of 2nd period - Shot Blocked by Frank Vatrano.
4:05 of 2nd period - Snap shot by Evgeni Dadonov.
4:05 of 2nd period - Shot Misses the Net.
4:25 of 2nd period - Rasmus Dahlin is hit by Josh Manson and loses puck.
5:47 of 2nd period - Off-side.
5:48 of 2nd period - Justin Hryckowian wins face-off versus William Karlsson in neutral zone.
6:23 of 2nd period - Wrist shot by Macklin Celebrini.
6:23 of 2nd period - Stopped by Logan Thompson without a rebound.
6:24 of 2nd period - William Eklund wins face-off versus Matt Duchene in Minnesota North Stars zone.
6:31 of 2nd period - Snap shot by Juraj Slafkovsky.
6:31 of 2nd period - Shot Blocked by Frank Vatrano.
6:59 of 2nd period - Snap shot by Macklin Celebrini.
6:59 of 2nd period - Stopped by Logan Thompson without a rebound.
7:00 of 2nd period - Macklin Celebrini wins face-off versus William Karlsson in Minnesota North Stars zone.
7:36 of 2nd period - Snap shot by Matt Duchene.
7:36 of 2nd period - Deflect By Brad Marchand.
7:36 of 2nd period - Stopped by Logan Thompson with a rebound.
7:59 of 2nd period - Double Minor Penalty to Teddy Blueger for High sticking.
8:00 of 2nd period - Ryan Poehling wins face-off versus William Eklund in Montreal Canadiens zone.
8:26 of 2nd period - Drew O'Connor is hit by Jack Hughes and loses puck.
8:31 of 2nd period - Slapshot by Ryan Nugent-Hopkins.
8:31 of 2nd period - Stopped by Lukas Dostal with a rebound.
8:33 of 2nd period - Slapshot by Matt Roy.
8:33 of 2nd period - Deflect By Ryan Nugent-Hopkins.
8:33 of 2nd period - Stopped by Lukas Dostal without a rebound.
8:34 of 2nd period - Ryan Poehling wins face-off versus Jack Hughes in Montreal Canadiens zone.
8:34 of 2nd period - Ryan Poehling is hit by Jack Hughes.
8:46 of 2nd period - Snap shot by Brock Nelson.
8:46 of 2nd period - Stopped by Lukas Dostal without a rebound.
8:47 of 2nd period - William Eklund wins face-off versus Ryan Poehling in Montreal Canadiens zone.
8:48 of 2nd period - Snap shot by Valeri Nichushkin.
8:48 of 2nd period - Stopped by Lukas Dostal with a rebound.
8:50 of 2nd period - Slapshot by Matt Roy.
8:50 of 2nd period - Stopped by Lukas Dostal with a rebound.
8:56 of 2nd period - Snap shot by Frank Vatrano.
8:56 of 2nd period - Shot Blocked by Damon Severson.
9:00 of 2nd period - Snap shot by William Eklund.
9:00 of 2nd period - Shot Misses the Net.
9:02 of 2nd period - Slapshot by Rasmus Dahlin.
9:02 of 2nd period - Deflect By Frank Vatrano.
9:02 of 2nd period - Stopped by Lukas Dostal without a rebound.
9:03 of 2nd period - Macklin Celebrini wins face-off versus Jack Hughes in Montreal Canadiens zone.
9:36 of 2nd period - Wrist shot by Valeri Nichushkin.
9:36 of 2nd period - Shot Blocked by Owen Power.
9:46 of 2nd period - Macklin Celebrini is hit by Frank Vatrano and loses puck.
11:02 of 2nd period - Snap shot by William Karlsson.
11:02 of 2nd period - Goal by William Karlsson - Minnesota North Stars : 2 - Montreal Canadiens : 3.
11:03 of 2nd period - William Karlsson wins face-off versus Macklin Celebrini in neutral zone.
11:57 of 2nd period - Lane Hutson is hit by Ryan Nugent-Hopkins and loses puck.
12:42 of 2nd period - Niko Mikkola is hit by Martin Necas and loses puck.
13:20 of 2nd period - Damon Severson is hit by Neal Pionk and loses puck.
13:44 of 2nd period - Mattias Janmark is hit by Damon Severson and loses puck.
14:32 of 2nd period - Wrist shot by Frank Vatrano.
14:32 of 2nd period - Stopped by Lukas Dostal with a rebound.
14:34 of 2nd period - Slapshot by Matt Roy.
14:34 of 2nd period - Deflect By Brad Marchand.
14:34 of 2nd period - Stopped by Lukas Dostal with a rebound.
14:36 of 2nd period - Slapshot by William Eklund.
14:36 of 2nd period - Shot Misses the Net.
14:38 of 2nd period - Slapshot by Rasmus Dahlin.
14:38 of 2nd period - Deflect By Valeri Nichushkin.
14:38 of 2nd period - Stopped by Lukas Dostal with a rebound.
14:55 of 2nd period - Josh Manson is hit by Neal Pionk and loses puck.
15:42 of 2nd period - Martin Necas is hit by Niko Mikkola and loses puck.
15:59 of 2nd period - Brad Marchand is hit by Gustav Forsling and loses puck.
16:20 of 2nd period - Snap shot by Patrik Laine.
16:20 of 2nd period - Shot Blocked by Brock Nelson.
16:26 of 2nd period - Slapshot by Patrik Laine.
16:26 of 2nd period - Stopped by Logan Thompson without a rebound.
16:27 of 2nd period - William Karlsson wins face-off versus Matt Duchene in Minnesota North Stars zone.
16:27 of 2nd period - William Karlsson is hit by Brad Marchand.
16:39 of 2nd period - Snap shot by Ivan Barbashev.
16:39 of 2nd period - Deflect By Jonathan Marchessault.
16:39 of 2nd period - Shot Misses the Net.
16:39 of 2nd period - Puck is out of play.
16:40 of 2nd period - Macklin Celebrini wins face-off versus Ivan Barbashev in Montreal Canadiens zone.
16:47 of 2nd period - Snap shot by Macklin Celebrini.
16:47 of 2nd period - Shot Misses the Net.
17:07 of 2nd period - Matt Roy is hit by Damon Severson and loses puck.
17:30 of 2nd period - Snap shot by Patrik Laine.
17:30 of 2nd period - Deflect By Frank Vatrano.
17:30 of 2nd period - Shot Misses the Net.
17:30 of 2nd period - Puck is out of play.
17:31 of 2nd period - William Karlsson wins face-off versus Teddy Blueger in Minnesota North Stars zone.
17:49 of 2nd period - Slapshot by Patrik Laine.
17:49 of 2nd period - Shot Blocked by Neal Pionk.
17:49 of 2nd period - Neal Pionk from Minnesota North Stars is injured at 17:49 of 2nd period (Strained Left Elbow).
17:50 of 2nd period - William Karlsson wins face-off versus Macklin Celebrini in Minnesota North Stars zone.
17:55 of 2nd period - Wrist shot by Jonathan Marchessault.
17:55 of 2nd period - Shot Misses the Net.
17:57 of 2nd period - Wrist shot by William Karlsson.
17:57 of 2nd period - Shot Misses the Net.
18:11 of 2nd period - Minor Penalty to Macklin Celebrini for Holding.
18:12 of 2nd period - Ryan Poehling wins face-off versus William Eklund in Montreal Canadiens zone.
18:23 of 2nd period - Snap shot by William Eklund.
18:23 of 2nd period - Stopped by Lukas Dostal with a rebound.
18:48 of 2nd period - Off-side.
18:49 of 2nd period - Teddy Blueger wins face-off versus William Eklund in neutral zone.
19:02 of 2nd period - Wrist shot by Valeri Nichushkin.
19:02 of 2nd period - Stopped by Lukas Dostal without a rebound.
19:03 of 2nd period - Ryan Nugent-Hopkins wins face-off versus Ryan Poehling in Montreal Canadiens zone.
19:30 of 2nd period - Teddy Blueger is hit by Frank Vatrano and loses puck.
Goals for this period are 2 for Minnesota North Stars vs 0 for Montreal Canadiens.
Shots for this period are 15 for Minnesota North Stars vs 5 for Montreal Canadiens.
3rd period
0:01 of 3rd period - Ryan Poehling wins face-off versus Jack Hughes in neutral zone.
0:11 of 3rd period - Penalty to Macklin Celebrini is over, Macklin Celebrini is back on ice.
0:26 of 3rd period - Valeri Nichushkin is hit by Teddy Blueger and loses puck.
0:31 of 3rd period - Snap shot by Patrik Laine.
0:31 of 3rd period - Deflect By Teddy Blueger.
0:31 of 3rd period - Shot Blocked by Frank Vatrano.
0:31 of 3rd period - Puck is out of play.
0:32 of 3rd period - Teddy Blueger wins face-off versus William Eklund in Minnesota North Stars zone.
0:45 of 3rd period - Snap shot by Frank Vatrano.
0:45 of 3rd period - Stopped by Lukas Dostal without a rebound.
0:46 of 3rd period - Matt Duchene wins face-off versus William Karlsson in Montreal Canadiens zone.
0:51 of 3rd period - Wrist shot by Brad Marchand.
0:51 of 3rd period - Shot Misses the Net.
1:03 of 3rd period - Snap shot by Brad Marchand.
1:03 of 3rd period - Stopped by Logan Thompson with a rebound.
1:13 of 3rd period - Ivan Barbashev is hit by Teddy Blueger and loses puck.
2:48 of 3rd period - Snap shot by Martin Necas.
2:48 of 3rd period - Stopped by Logan Thompson with a rebound.
2:50 of 3rd period - Slapshot by Owen Power.
2:50 of 3rd period - Shot Blocked by Brock Nelson.
3:41 of 3rd period - Slapshot by Martin Necas.
3:41 of 3rd period - Shot Blocked by Rasmus Dahlin.
3:43 of 3rd period - Snap shot by Macklin Celebrini.
3:43 of 3rd period - Stopped by Logan Thompson with a rebound.
3:45 of 3rd period - Slapshot by Owen Power.
3:45 of 3rd period - Shot Blocked by Rasmus Dahlin.
3:47 of 3rd period - Snap shot by Ryan Poehling.
3:47 of 3rd period - Shot Misses the Net.
4:09 of 3rd period - Wrist shot by Macklin Celebrini.
4:09 of 3rd period - Stopped by Logan Thompson without a rebound.
4:10 of 3rd period - Matt Duchene wins face-off versus William Eklund in Minnesota North Stars zone.
4:13 of 3rd period - Wrist shot by Matt Duchene.
4:13 of 3rd period - Stopped by Logan Thompson with a rebound.
4:25 of 3rd period - Wrist shot by Frank Vatrano.
4:25 of 3rd period - Stopped by Lukas Dostal without a rebound.
4:26 of 3rd period - Teddy Blueger wins face-off versus Ivan Barbashev in Montreal Canadiens zone.
4:35 of 3rd period - Slapshot by Drew O'Connor.
4:35 of 3rd period - Stopped by Logan Thompson with a rebound.
4:37 of 3rd period - Slapshot by Damon Severson.
4:37 of 3rd period - Deflect By Jonathan Marchessault.
4:37 of 3rd period - Stopped by Logan Thompson without a rebound.
4:38 of 3rd period - Matt Duchene wins face-off versus William Eklund in Minnesota North Stars zone.
4:43 of 3rd period - Wrist shot by Juraj Slafkovsky.
4:43 of 3rd period - Stopped by Logan Thompson without a rebound.
4:44 of 3rd period - Matt Duchene wins face-off versus William Eklund in Minnesota North Stars zone.
5:12 of 3rd period - Icing by Erik Cernak.
5:13 of 3rd period - Ivan Barbashev wins face-off versus Teddy Blueger in Minnesota North Stars zone.
6:13 of 3rd period - Snap shot by Valeri Nichushkin.
6:13 of 3rd period - Stopped by Lukas Dostal without a rebound.
6:14 of 3rd period - Juraj Slafkovsky wins face-off versus William Karlsson in Montreal Canadiens zone.
6:27 of 3rd period - Wrist shot by Matt Duchene.
6:27 of 3rd period - Stopped by Logan Thompson with a rebound.
6:29 of 3rd period - Slapshot by Damon Severson.
6:29 of 3rd period - Shot Blocked by Erik Cernak.
6:31 of 3rd period - Snap shot by Juraj Slafkovsky.
6:31 of 3rd period - Shot Blocked by Erik Cernak.
6:49 of 3rd period - Snap shot by William Eklund.
6:49 of 3rd period - Stopped by Lukas Dostal without a rebound.
6:50 of 3rd period - William Eklund wins face-off versus Matt Duchene in Montreal Canadiens zone.
7:23 of 3rd period - Minor Penalty to Jonathan Marchessault for Holding.
7:24 of 3rd period - Macklin Celebrini wins face-off versus Mattias Janmark in Minnesota North Stars zone.
7:30 of 3rd period - Wrist shot by Macklin Celebrini.
7:30 of 3rd period - Shot Blocked by Gustav Forsling.
7:32 of 3rd period - Snap shot by Macklin Celebrini.
7:32 of 3rd period - Stopped by Logan Thompson without a rebound.
7:33 of 3rd period - Macklin Celebrini wins face-off versus Mattias Janmark in Minnesota North Stars zone.
7:36 of 3rd period - Wrist shot by Macklin Celebrini.
7:36 of 3rd period - Shot Blocked by Mattias Janmark.
7:38 of 3rd period - Slapshot by Adam Fox.
7:38 of 3rd period - Stopped by Logan Thompson with a rebound.
7:40 of 3rd period - Slapshot by Adam Fox.
7:40 of 3rd period - Goal by Adam Fox - Minnesota North Stars : 2 - Montreal Canadiens : 4.
7:41 of 3rd period - Matt Duchene wins face-off versus Frank Vatrano in neutral zone.
7:56 of 3rd period - Snap shot by Juraj Slafkovsky.
7:56 of 3rd period - Stopped by Logan Thompson with a rebound.
8:13 of 3rd period - Erik Cernak is hit by Josh Manson and loses puck.
8:26 of 3rd period - Slapshot by Martin Necas.
8:26 of 3rd period - Goal by Martin Necas - Minnesota North Stars : 2 - Montreal Canadiens : 5.
8:27 of 3rd period - Matt Duchene wins face-off versus Frank Vatrano in neutral zone.
8:42 of 3rd period - Snap shot by Matt Duchene.
8:42 of 3rd period - Stopped by Logan Thompson with a rebound.
8:44 of 3rd period - Slapshot by Damon Severson.
8:44 of 3rd period - Stopped by Logan Thompson without a rebound.
8:45 of 3rd period - Macklin Celebrini wins face-off versus Brock Nelson in Minnesota North Stars zone.
9:00 of 3rd period - Snap shot by Macklin Celebrini.
9:00 of 3rd period - Stopped by Logan Thompson with a rebound.
9:12 of 3rd period - Slapshot by Patrik Laine.
9:12 of 3rd period - Goal by Patrik Laine - Minnesota North Stars : 2 - Montreal Canadiens : 6.
9:13 of 3rd period - Matt Duchene wins face-off versus William Eklund in neutral zone.
9:17 of 3rd period - Minor Penalty to Frank Vatrano for Holding.
9:18 of 3rd period - Mattias Janmark wins face-off versus Martin Necas in Minnesota North Stars zone.
11:17 of 3rd period - Penalty to Frank Vatrano is over, Frank Vatrano is back on ice.
11:27 of 3rd period - Lane Hutson is hit by Ryan Nugent-Hopkins and loses puck.
11:34 of 3rd period - Wrist shot by Jack Hughes.
11:34 of 3rd period - Shot Blocked by Arttu Hyry.
11:58 of 3rd period - Teddy Blueger is hit by Valeri Nichushkin and loses puck.
12:37 of 3rd period - Snap shot by Mattias Janmark.
12:37 of 3rd period - Stopped by Lukas Dostal without a rebound.
12:38 of 3rd period - Macklin Celebrini wins face-off versus Lawson Crouse in Montreal Canadiens zone.
13:06 of 3rd period - Brad Marchand is hit by Gustav Forsling and loses puck.
13:15 of 3rd period - Backhand shot by Mattias Janmark.
13:15 of 3rd period - Shot Blocked by Owen Power.
13:23 of 3rd period - Wrist shot by Michael Rasmussen.
13:23 of 3rd period - Shot Misses the Net.
13:35 of 3rd period - Slapshot by Mattias Janmark.
13:35 of 3rd period - Stopped by Lukas Dostal with a rebound.
13:37 of 3rd period - Slapshot by Gustav Forsling.
13:37 of 3rd period - Deflect By Brad Marchand.
13:37 of 3rd period - Stopped by Lukas Dostal without a rebound.
13:38 of 3rd period - William Karlsson wins face-off versus Teddy Blueger in Montreal Canadiens zone.
13:49 of 3rd period - Erik Cernak is hit by Teddy Blueger and loses puck.
14:27 of 3rd period - Minor Penalty to Damon Severson for Hooking.
14:28 of 3rd period - Ryan Poehling wins face-off versus William Eklund in Montreal Canadiens zone.
14:37 of 3rd period - Snap shot by Gustav Forsling.
14:37 of 3rd period - Stopped by Lukas Dostal with a rebound.
16:25 of 3rd period - Ryan Nugent-Hopkins is hit by Brady Skjei and loses puck.
16:27 of 3rd period - Penalty to Damon Severson is over, Damon Severson is back on ice.
16:34 of 3rd period - Erik Cernak is hit by Josh Manson and loses puck.
17:11 of 3rd period - Matt Roy is hit by Evgeni Dadonov and loses puck.
17:20 of 3rd period - Wrist shot by Macklin Celebrini.
17:20 of 3rd period - Stopped by Logan Thompson with a rebound.
17:28 of 3rd period - Wrist shot by Brock Nelson.
17:28 of 3rd period - Shot Misses the Net.
17:30 of 3rd period - Wrist shot by Brock Nelson.
17:30 of 3rd period - Stopped by Lukas Dostal with a rebound.
17:32 of 3rd period - Slapshot by Matt Roy.
17:32 of 3rd period - Shot Blocked by Damon Severson.
17:44 of 3rd period - Snap shot by Brock Nelson.
17:44 of 3rd period - Shot Misses the Net.
17:46 of 3rd period - Wrist shot by Ryan Nugent-Hopkins.
17:46 of 3rd period - Stopped by Lukas Dostal with a rebound.
17:48 of 3rd period - Slapshot by Jack Hughes.
17:48 of 3rd period - Goal by Jack Hughes - Minnesota North Stars : 3 - Montreal Canadiens : 6.
17:49 of 3rd period - Teddy Blueger wins face-off versus William Eklund in neutral zone.
18:43 of 3rd period - Snap shot by Jonathan Marchessault.
18:43 of 3rd period - Stopped by Lukas Dostal with a rebound.
18:45 of 3rd period - Wrist shot by Ivan Barbashev.
18:45 of 3rd period - Goal by Ivan Barbashev - Minnesota North Stars : 4 - Montreal Canadiens : 6.
18:46 of 3rd period - William Karlsson wins face-off versus Teddy Blueger in neutral zone.
19:30 of 3rd period - Minor Penalty to Ryan Nugent-Hopkins for Roughing.
19:31 of 3rd period - Mattias Janmark wins face-off versus Juraj Slafkovsky in Minnesota North Stars zone.
19:43 of 3rd period - Off-side.
19:44 of 3rd period - Martin Necas wins face-off versus Mattias Janmark in neutral zone.
19:49 of 3rd period - Snap shot by Juraj Slafkovsky.
19:49 of 3rd period - Shot Misses the Net.
Goals for this period are 2 for Minnesota North Stars vs 3 for Montreal Canadiens.
Shots for this period are 13 for Minnesota North Stars vs 19 for Montreal Canadiens.
Back to the Top